[Event "Titled Tuesday Blitz March 14 Late 2023"]
[White "Senft, Sean"]
[Black "Roebers, Eline"]
[WhiteFideId "2044960"]
[BlackFideId "1058401"]
[WhiteElo "1989"]
[BlackElo "2537"]
[Result "0-1"]
[Round "09"]
[TimeControl "180+2"]
[Date "2023.03.14"]
[WhiteClock "0:00:47"]
[BlackClock "0:00:06"]

1. e4 Nf6 2. Nc3 e5 3. Nf3 Nc6 4. Bc4 Nxe4 5. Nxe4 d5 6. Bb5 dxe4 7. Nxe5 Qd5 8. Nxc6 bxc6 9. Ba4 Bd6 10. d3 O-O 11. O-O Qe5 12. g3 exd3 13. Bxc6 dxc2 14. Qxc2 Rb8 15. Be4 Bh3 16. Re1 g6 17. Rb1 Qa5 18. Bh6 Rfe8 19. a3 Re6 20. Bd2 Qh5 21. Bc6 Bc5 22. Bf4 Rxc6 23. b4 Qf3 24. Qe4 Qxe4 25. Rxe4 Bf5 26. Rc1 Bxe4 27. Be3 Bxe3 28. fxe3 Rxc1+ 29. Kf2 Rc2+ 30. Ke1 Rd8 0-1


[Site "https://www.chess.com"]

[Event "Titled Tuesday Blitz March 14 Late 2023"]
[White "Fernandez Garcia, Gumersindo"]
[Black "Gatterer, Florian"]
[WhiteFideId "24516740"]
[BlackFideId "811688"]
[WhiteElo "2093"]
[BlackElo "2221"]
[Result "0-1"]
[Round "09"]
[TimeControl "180+2"]
[Date "2023.03.14"]
[WhiteClock "0:00:07"]
[BlackClock "0:00:07"]

1. e4 c5 2. a3 g6 3. Nc3 Bg7 4. f4 Nc6 5. Nf3 e6 6. g3 Nge7 7. Bg2 O-O 8. O-O d5 9. d3 b6 10. e5 Ba6 11. Bd2 Rc8 12. Ne2 d4 13. Ng5 Bb7 14. Ne4 Nf5 15. g4 Nh4 16. Nd6 Nxg2 17. Kxg2 Ba8 18. Kg1 Rc7 19. Ng3 Ne7 20. Nge4 Nc8 21. g5 Nxd6 22. Nxd6 Rd7 23. Qg4 Rxd6 24. exd6 Qxd6 25. Rae1 Rc8 26. h4 c4 27. Bb4 Qd5 28. Re2 a5 29. Bd2 cxd3 30. cxd3 Qh1+ 31. Kf2 Qd5 32. h5 Qd7 33. hxg6 hxg6 34. b4 a4 35. Kg3 Qb5 36. Rf3 Bxf3 37. Qxf3 Qc6 38. Be1 Qxf3+ 39. Kxf3 Rc1 40. Ke4 b5 41. Bf2 Rc3 42. Ra2 Rc1 43. Bxd4 Re1+ 44. Be3 Kf8 45. Kf3 Ke7 46. Bf2 Rd1 47. Ke2 Rb1 48. Be3 Rb2+ 49. Rxb2 Bxb2 50. Bd2 Bxa3 51. Bc3 Bc1 52. Bf6+ Kd7 53. Be5 Kc6 54. Kd1 Be3 55. Kc2 Kd5 56. Kc3 Bf2 57. Kc2 Bd4 58. Bc7 Be3 59. Be5 Bd4 60. Bb8 e5 61. fxe5 Bxe5 62. Ba7 Bd4 63. Bb8 Ke6 64. Bc7 Kd5 65. Bd8 Be3 66. Kc3 Bf4 67. d4 Be3 68. Bf6 Bf4 69. Kd3 Bd6 70. Kc3 a3 71. Kb3 a2 72. Kxa2 Bxb4 73. Kb3 Bd6 74. Kc3 Bf8 75. Kd3 Bd6 76. Bd8 Bf8 77. Ba5 Bd6 78. Bd2 Be7 79. Ke3 Bd6 80. Bc3 Kc4 81. Bb2 b4 82. Ke4 Kb3 83. Bc1 Kc2 84. Bf4 Bxf4 85. Kxf4 b3 86. d5 b2 87. d6 b1=Q 88. Ke5 Qb8 89. Kd5 Qd8 0-1


[Site "https://www.chess.com"]

[Event "Titled Tuesday Blitz March 14 Late 2023"]
[White "Golubev, Mikhail"]
[Black "Pino Perez, Lazaro"]
[WhiteFideId "14100983"]
[BlackFideId "3517055"]
[WhiteElo "2374"]
[BlackElo "2170"]
[Result "1-0"]
[Round "09"]
[TimeControl "180+2"]
[Date "2023.03.14"]
[WhiteClock "0:00:32"]
[BlackClock "0:00:10"]

1. e4 c5 2. Nf3 g6 3. d4 cxd4 4. Nxd4 Nc6 5. Nc3 Bg7 6. Be3 Nf6 7. Nxc6 bxc6 8. e5 Ng8 9. Bd4 Qa5 10. f4 f6 11. Qd2 fxe5 12. fxe5 Nh6 13. e6 Bxd4 14. Qxd4 O-O 15. exd7 Ba6 16. Bc4+ Bxc4 17. Qxc4+ Kg7 18. O-O-O Rab8 19. Rhe1 e5 20. Ne4 Nf5 21. Nc5 Nd4 22. Rxe5 Rf4 23. Rxd4 1-0


[Site "https://www.chess.com"]

[Event "Titled Tuesday Blitz March 14 Late 2023"]
[White "Postma, Dinant"]
[Black "Fan_Of_Chucky"]
[WhiteFideId "1018612"]
[WhiteElo "2525"]
[BlackElo "2348"]
[Result "0-1"]
[Round "09"]
[TimeControl "180+2"]
[Date "2023.03.14"]
[WhiteClock "0:00:01"]
[BlackClock "0:00:51"]

1. d4 Nf6 2. Bg5 Ne4 3. Bf4 d5 4. e3 g6 5. Bd3 Bg7 6. Bxe4 dxe4 7. Nd2 c5 8. c3 Nc6 9. Nxe4 cxd4 10. exd4 O-O 11. Nf3 Qd5 12. Ned2 e5 13. dxe5 Nxe5 14. Bxe5 Bxe5 15. Qb3 Qxb3 16. axb3 Bg7 17. O-O Be6 18. b4 b6 19. Rfd1 a5 20. bxa5 bxa5 21. Ne4 Rfb8 22. Rd2 a4 23. Nc5 Bf5 24. Rxa4 Bxc3 25. Rxa8 Rxa8 26. Rd1 Bxb2 27. h3 h5 28. Nd4 Rd8 29. Ncb3 h4 30. Rd2 Bc3 31. Rd1 Kh7 32. f3 Kh6 33. Kf2 Kh5 34. Ke2 Bc8 0-1


[Site "https://www.chess.com"]

[Event "Titled Tuesday Blitz March 14 Late 2023"]
[White "Urbina Perez, Juan Antonio"]
[Black "Wang, Alexander J"]
[WhiteFideId "2217368"]
[BlackFideId "30955270"]
[WhiteElo "2197"]
[BlackElo "2254"]
[Result "1/2-1/2"]
[Round "09"]
[TimeControl "180+2"]
[Date "2023.03.14"]
[WhiteClock "0:00:07"]
[BlackClock "0:00:14"]

1. c4 e6 2. g3 d5 3. Bg2 Nf6 4. Nf3 c6 5. O-O Bd6 6. b3 O-O 7. Bb2 Nbd7 8. d3 e5 9. Nbd2 d4 10. a3 Rb8 11. b4 b6 12. Qc2 c5 13. b5 Bb7 14. a4 a5 15. bxa6 Bxa6 16. Ng5 Bb7 17. Nge4 Bc7 18. Nxf6+ Nxf6 19. Bxb7 Rxb7 20. Qb3 Rb8 21. Ba3 Qd7 22. a5 bxa5 23. Qc2 Bd6 24. Rfb1 h5 25. Ne4 Nxe4 26. dxe4 h4 27. Qd3 Rxb1+ 28. Rxb1 Rb8 29. Rxb8+ Bxb8 30. Bxc5 hxg3 31. hxg3 Bd6 32. Qa3 Bc7 33. Kg2 Qc6 34. Kf3 f5 35. Kg2 Qxe4+ 36. Kg1 Qxe2 37. Qa4 Qe1+ 38. Kg2 Qe4+ 39. Kg1 Qe1+ 40. Kg2 Qe4+ 41. Kf1 Qh1+ 42. Ke2 Kh7 43. Qe8 Qe4+ 44. Kf1 Qh1+ 45. Ke2 d3+ 46. Kxd3 e4+ 47. Kd4 Qd1+ 48. Ke3 Qf3+ 49. Kd2 f4 50. Qe7 Qd3+ 51. Kc1 Qxc4+ 52. Kb1 Qb3+ 53. Kc1 Qc3+ 54. Kd1 Be5 55. Qh4+ Kg8 56. Qd8+ Kh7 57. Qh4+ Kg8 58. Qd8+ Kf7 59. Qe7+ Kg6 60. Qe6+ Kh7 61. Qf5+ Kg8 62. Qe6+ Kh8 63. Qe8+ Kh7 64. Qh5+ Kg8 65. Qe8+ Kh7 66. Qh5+ Kg8 67. Qe8+ Kh7 1/2-1/2


[Site "https://www.chess.com"]

[Event "Titled Tuesday Blitz March 14 Late 2023"]
[White "Harish, Neeraj"]
[Black "Petukhov, Dmitry"]
[WhiteFideId "30958130"]
[BlackFideId "4142748"]
[WhiteElo "1963"]
[BlackElo "2311"]
[Result "1/2-1/2"]
[Round "09"]
[TimeControl "180+2"]
[Date "2023.03.14"]
[WhiteClock "0:00:26"]
[BlackClock "0:00:20"]

1. e4 c5 2. Nf3 d6 3. d4 cxd4 4. Nxd4 Nf6 5. Nc3 Nc6 6. Bg5 Bd7 7. Nxc6 Bxc6 8. Bxf6 gxf6 9. Bb5 Bg7 10. Bxc6+ bxc6 11. Qd2 O-O 12. O-O Rb8 13. Rab1 Re8 14. Ne2 Qd7 15. Ng3 Kh8 16. c4 Rg8 17. b4 a5 18. b5 cxb5 19. Qd5 e6 20. Qd3 bxc4 21. Qxc4 Rgc8 22. Qa6 a4 23. h4 Bf8 24. Nh5 Be7 25. Qd3 Qc6 26. Qg3 Bf8 27. Nxf6 Bg7 28. Nh5 Be5 29. f4 Rxb1 30. Rxb1 Qxe4 31. fxe5 Qxb1+ 32. Kh2 Rg8 33. Qf3 Qg6 34. exd6 e5 35. d7 e4 36. Qc3+ f6 37. Qxf6+ Qxf6 38. Nxf6 Rd8 39. g4 Kg7 40. g5 Kg6 41. Kg3 Kf5 42. Kf2 h6 43. Ke3 hxg5 44. hxg5 Kxg5 45. Nxe4+ Kf5 46. Nc5 a3 47. Kd4 Kf6 48. Kd5 Ke7 49. Kc6 Ra8 50. Kc7 Ra7+ 51. Nb7 Rxb7+ 52. Kxb7 Kxd7 53. Kb6 Kd6 54. Kb5 Kc7 55. Kb4 Kb7 56. Kxa3 Ka6 57. Kb3 Kb6 58. a4 Ka6 59. Kb4 Kb6 60. a5+ Ka6 61. Ka4 Ka7 62. Kb5 Kb7 63. a6+ Ka7 64. Ka5 Ka8 65. a7 Kxa7 1/2-1/2


[Site "https://www.chess.com"]

[Event "Titled Tuesday Blitz March 14 Late 2023"]
[White "Kozin, Yuri"]
[Black "Campelo, Leandro Fabricio"]
[WhiteFideId "4129920"]
[BlackFideId "2103346"]
[WhiteElo "2516"]
[BlackElo "2070"]
[Result "1-0"]
[Round "09"]
[TimeControl "180+2"]
[Date "2023.03.14"]
[WhiteClock "0:02:27"]
[BlackClock "0:01:55"]

1. e4 c5 2. Nf3 e6 3. d4 cxd4 4. Nxd4 Nc6 5. Nc3 Qc7 6. Be3 a6 7. Bd3 Nf6 8. f4 Nxd4 9. Bxd4 Qxf4 10. Qe2 b5 11. Rf1 Qxh2 12. O-O-O Qc7 13. e5 Ng8 14. Qf3 d5 15. exd6 Qb7 16. Be4 1-0


[Site "https://www.chess.com"]

[Event "Titled Tuesday Blitz March 14 Late 2023"]
[White "Golubka, Petro"]
[Black "ritanovikova"]
[WhiteFideId "14114224"]
[WhiteElo "2391"]
[BlackElo "2207"]
[Result "1-0"]
[Round "09"]
[TimeControl "180+2"]
[Date "2023.03.14"]
[WhiteClock "0:01:10"]
[BlackClock "0:00:02"]

1. a3 e5 2. e4 Nf6 3. Nc3 Nc6 4. Bc4 a6 5. d3 b5 6. Ba2 Bb7 7. f4 d6 8. Nf3 Be7 9. O-O O-O 10. Kh1 exf4 11. Bxf4 b4 12. axb4 Nxb4 13. Bb3 d5 14. Qe2 dxe4 15. dxe4 Re8 16. Ng5 Rf8 17. Rad1 Qe8 18. Bxc7 h6 19. Nf3 Rc8 20. Be5 Ng4 21. Bxg7 Kxg7 22. Nd4 Nf6 23. Nf5+ Kh7 24. Qe3 Ng4 25. Qf4 h5 26. h3 Rg8 27. hxg4 Bg5 28. Qh2 h4 29. Nxh4 Kg7 30. Nf5+ Kf8 31. Qd6+ Be7 32. Qh6+ 1-0


[Site "https://www.chess.com"]

[Event "Titled Tuesday Blitz March 14 Late 2023"]
[White "Zamorano, Jorge"]
[Black "Fernandez, Maria Florencia"]
[WhiteFideId "173770"]
[BlackFideId "116459"]
[WhiteElo "2331"]
[BlackElo "2155"]
[Result "0-1"]
[Round "09"]
[TimeControl "180+2"]
[Date "2023.03.14"]
[WhiteClock "0:00:23"]
[BlackClock "0:00:08"]

1. e4 c5 2. Nf3 d6 3. d4 cxd4 4. Nxd4 Nf6 5. Nc3 g6 6. Bc4 Bg7 7. O-O O-O 8. h3 Nc6 9. Nf3 Bd7 10. Re1 Rc8 11. Bb3 Na5 12. Bg5 h6 13. Bh4 Nc4 14. Bxc4 Rxc4 15. e5 dxe5 16. Nxe5 Rxh4 17. Qf3 Rb4 18. Rad1 e6 19. a3 Rxb2 20. Ne4 Nxe4 21. Nxd7 Ng5 22. Qg3 Re8 23. h4 Nh7 24. h5 g5 25. Qe3 Qa5 26. Nc5 Rb5 27. Ne4 Re5 28. Qd3 Rd5 29. Qb3 Rxd1 30. Rxd1 Qb6 31. Qa4 Rf8 32. Rd7 Nf6 33. Nxf6+ Bxf6 34. g3 Qb1+ 35. Kg2 Qb6 36. Qe4 Qc6 37. Qxc6 bxc6 38. Rxa7 c5 39. Rc7 Bd4 40. c3 Bxc3 41. Rxc5 Bd4 42. Rc4 e5 43. f4 Ra8 44. a4 Kg7 45. Kf3 gxf4 46. gxf4 Kf6 47. Ke4 Kg7 48. fxe5 Bb2 49. Rb4 Ra5 50. Rxb2 Rxa4+ 51. Kf5 Rh4 52. Rb7 Rxh5+ 53. Kf4 Rh1 54. e6 Rf1+ 55. Kg3 Kg6 56. exf7 Rxf7 57. Rxf7 Kxf7 58. Kg4 Kg6 59. Kh4 h5 60. Kg3 Kg5 61. Kh3 h4 62. Kh2 Kg4 63. Kg2 h3+ 64. Kh2 Kh4 65. Kh1 Kg3 0-1


[Site "https://www.chess.com"]

[Event "Titled Tuesday Blitz March 14 Late 2023"]
[White "Fishbein, Alexander"]
[Black "marik_spb"]
[WhiteFideId "2000377"]
[WhiteElo "2415"]
[BlackElo "2411"]
[Result "1-0"]
[Round "09"]
[TimeControl "180+2"]
[Date "2023.03.14"]
[WhiteClock "0:00:54"]
[BlackClock "0:00:08"]

1. e4 c6 2. d3 d5 3. Nd2 e5 4. Ngf3 Bd6 5. g3 Nf6 6. Bg2 O-O 7. O-O a5 8. b3 a4 9. Bb2 a3 10. Bxe5 Bxe5 11. Nxe5 Nbd7 12. Nxd7 Bxd7 13. e5 Ne8 14. d4 Nc7 15. c3 Bf5 16. Qf3 Qd7 17. Qe3 f6 18. c4 Rad8 19. Nf3 Bg4 20. exf6 Bxf3 21. fxg7 Qxg7 22. Bxf3 dxc4 23. bxc4 Qxd4 24. Qxd4 Rxd4 25. Be2 Rd2 26. Rfe1 Ne6 27. Rad1 Rxa2 28. c5 Rc2 29. Bd3 Rxc5 30. Rxe6 Rd8 31. Bxh7+ Kxh7 32. Rxd8 Rd5 33. Rxd5 cxd5 34. Re2 b5 35. Re7+ Kg6 36. Rb7 a2 37. Ra7 Kf5 38. Rxa2 Ke4 39. Rb2 d4 40. Rxb5 Kf3 41. Rb3+ Ke2 42. h4 d3 43. Rxd3 Kxd3 44. Kg2 1-0


[Site "https://www.chess.com"]

[Event "Titled Tuesday Blitz March 14 Late 2023"]
[White "Reprintsev, Alexander"]
[Black "Stelmaszyk, Nico"]
[WhiteFideId "14100541"]
[BlackFideId "16200462"]
[WhiteElo "2229"]
[BlackElo "2255"]
[Result "0-1"]
[Round "09"]
[TimeControl "180+2"]
[Date "2023.03.14"]
[WhiteClock "0:01:14"]
[BlackClock "0:01:57"]

1. e4 c5 2. b3 Nc6 3. Bb2 b6 4. Nf3 e6 5. d4 cxd4 6. Nxd4 Bb7 7. Nc3 Nxd4 8. Qxd4 Nf6 9. O-O-O Bc5 10. Qd2 O-O 11. f3 d5 12. exd5 Nxd5 13. Nxd5 Qxd5 14. Qxd5 Bxd5 15. c4 Bc6 16. Kc2 a5 17. Be2 Rfd8 18. a3 f6 19. Kc3 e5 20. b4 axb4+ 21. axb4 Bd4+ 22. Kc2 Ba4+ 23. Kc1 Bxd1 24. Bxd1 Kf7 25. Bb3 Bxb2+ 26. Kxb2 Rd2+ 27. Kc3 Rxg2 28. c5+ Ke7 29. cxb6 Rb8 30. Ra1 Rxb6 31. Ra7+ Kd6 32. Bc4 Rf2 33. b5 Rxf3+ 34. Kb4 g5 35. Rxh7 e4 36. Rh8 Rb7 37. Rd8+ Rd7 38. Re8 Re7 39. Rd8+ Ke5 40. b6 e3 41. Kc5 Rf4 42. Rd5+ Ke4 43. Be2 Rf2 44. Rd4+ Ke5 45. Rd5+ Kf4 46. Rd4+ Ke5 47. Rd5+ Ke6 48. Bc4 Rf5 49. Kc6 Rxd5 50. Bxd5+ Ke5 51. Bf3 f5 52. b7 Rxb7 53. Kxb7 g4 54. Be2 Ke4 55. Kc6 f4 56. Bxg4 f3 0-1


[Site "https://www.chess.com"]

[Event "Titled Tuesday Blitz March 14 Late 2023"]
[White "Fule, Simon"]
[Black "Romkachess"]
[WhiteFideId "787515"]
[WhiteElo "2390"]
[BlackElo "2554"]
[Result "0-1"]
[Round "09"]
[TimeControl "180+2"]
[Date "2023.03.14"]
[WhiteClock "0:00:02"]
[BlackClock "0:00:02"]

1. e4 c5 2. Nf3 d6 3. d4 cxd4 4. Nxd4 Nf6 5. Nc3 a6 6. f3 e5 7. Nb3 Be6 8. Be3 Nbd7 9. Qd2 h5 10. Nd5 Bxd5 11. exd5 g6 12. Be2 Bg7 13. c4 b6 14. O-O a5 15. Rae1 O-O 16. Qd1 Nh7 17. Bd3 Bf6 18. Nd2 Bg5 19. Bf2 f5 20. Kh1 Nc5 21. Bb1 Nf6 22. b3 Kg7 23. Bc2 h4 24. a3 h3 25. g3 Re8 26. Nb1 e4 27. f4 Bh6 28. Nc3 Ng4 29. Bd4+ Kh7 30. Nb5 e3 31. Qf3 Qe7 32. b4 axb4 33. axb4 Ne4 34. Bxb6 Nd2 35. Qe2 Nxf1 36. Rxf1 Ra2 37. Nc3 Nf2+ 38. Kg1 Rb2 39. b5 Bg7 40. Na4 Ng4 41. Nxb2 Bxb2 42. Ba5 Bd4 43. Bb4 Qc7 44. Rb1 Bb6 45. Bc3 Ra8 46. Ra1 Rxa1+ 47. Bxa1 Qa7 48. Bb2 Qa2 49. Bd3 Qb3 50. Kf1 Qb4 51. Qe1 Qc5 52. Qe2 Qb4 0-1


[Site "https://www.chess.com"]

[Event "Titled Tuesday Blitz March 14 Late 2023"]
[White "Becham, Khalid"]
[Black "Munoz, Francisco Javier"]
[WhiteFideId "9000275"]
[BlackFideId "128368"]
[WhiteElo "2081"]
[BlackElo "2383"]
[Result "0-1"]
[Round "09"]
[TimeControl "180+2"]
[Date "2023.03.14"]
[WhiteClock "0:01:12"]
[BlackClock "0:01:01"]

1. e4 e5 2. Nf3 Nc6 3. Nc3 Nf6 4. Bc4 Bb4 5. O-O O-O 6. d3 h6 7. Nd5 Be7 8. a4 d6 9. h3 Be6 10. c3 Bxd5 11. exd5 Nb8 12. Nd2 Nbd7 13. Ne4 Nb6 14. Nxf6+ Bxf6 15. Bb3 Bg5 16. f4 exf4 17. Bxf4 Bxf4 18. Rxf4 Qg5 19. Qf3 Rae8 20. a5 Nd7 21. d4 Nf6 22. Rf1 Re7 23. Rf5 Qe3+ 24. Kh2 Qxf3 25. R1xf3 Re2 26. Rf2 Rfe8 27. Ba4 R8e3 28. Bb3 Ne4 29. Rxe2 Rxe2 30. Rf4 g5 31. Rf3 Rxb2 32. Ba4 Ra2 33. Be8 f6 34. Bg6 Re2 35. Bxe4 Rxe4 36. Rxf6 Kg7 37. Rf2 Re3 38. Rb2 b6 39. axb6 axb6 40. Rb3 Kf6 41. Kg1 Kf5 42. Kf2 Ke4 43. Ra3 Rd3 44. Ke2 Rg3 45. Kf2 Rd3 46. Ke2 h5 47. Rb3 Rg3 48. Kf2 h4 49. Ra3 Kxd5 50. Ra8 Rxc3 51. Rg8 Rg3 0-1


[Site "https://www.chess.com"]

[Event "Titled Tuesday Blitz March 14 Late 2023"]
[White "Leonte, Sebastian-Marian"]
[Black "Omelja, Artem"]
[WhiteFideId "1268767"]
[BlackFideId "14119846"]
[WhiteElo "2351"]
[BlackElo "2404"]
[Result "0-1"]
[Round "09"]
[TimeControl "180+2"]
[Date "2023.03.14"]
[WhiteClock "0:00:16"]
[BlackClock "0:01:32"]

1. e4 c5 2. Nf3 Nc6 3. d4 cxd4 4. Nxd4 Nf6 5. Nc3 e5 6. Ndb5 d6 7. Bg5 a6 8. Na3 b5 9. Nd5 Be7 10. Bxf6 Bxf6 11. c3 O-O 12. Nc2 Bg5 13. a4 bxa4 14. Rxa4 Bb7 15. b4 Ne7 16. Bc4 Rc8 17. Na3 Nxd5 18. Bxd5 Bxd5 19. Qxd5 Rxc3 20. O-O Qb6 21. g3 h6 22. Rd1 Rd8 23. b5 axb5 24. Qxb5 Be3 25. Qxb6 Bxb6 26. Nc4 Bd4 27. Ne3 Bxe3 28. fxe3 Rxe3 29. Kf2 Rc3 30. Ra6 Rc2+ 31. Kf3 Rxh2 32. Raxd6 Rxd6 33. Rxd6 f6 34. Kg4 Kh7 35. Rd7 Kg6 36. Ra7 Rf2 37. Ra4 h5+ 38. Kh3 Kh6 39. Rb4 g5 40. g4 Rf3+ 41. Kg2 hxg4 42. Rc4 Rf4 43. Kg3 Kh5 44. Rb4 Rf3+ 45. Kg2 Re3 46. Rb6 Kg6 47. Rb4 Rd3 48. Kf2 Rd4 0-1


[Site "https://www.chess.com"]

[Event "Titled Tuesday Blitz March 14 Late 2023"]
[White "Tagliati, Eleonore"]
[Black "Trakru, Rohun"]
[WhiteFideId "45172234"]
[BlackFideId "2097613"]
[WhiteElo "2245"]
[BlackElo "1852"]
[Result "1/2-1/2"]
[Round "09"]
[TimeControl "180+2"]
[Date "2023.03.14"]
[WhiteClock "0:00:34"]
[BlackClock "0:00:05"]

1. e4 c6 2. Nf3 d5 3. Nc3 dxe4 4. Nxe4 Nf6 5. Qe2 Nxe4 6. Qxe4 Nd7 7. Bc4 Nf6 8. Ne5 e6 9. Qe2 b5 10. Bb3 Qc7 11. O-O Bd6 12. d4 O-O 13. c3 Bb7 14. Bf4 c5 15. dxc5 Qxc5 16. Nd3 Qc7 17. Bxd6 Qxd6 18. Rad1 Qc6 19. f3 Nd5 20. Kh1 Qb6 21. Rfe1 a5 22. Bc2 Rad8 23. a3 Ba6 24. Qe4 Nf6 25. Qe3 Qxe3 26. Rxe3 Nd5 27. Ree1 b4 28. axb4 Bxd3 29. Bxd3 axb4 30. c4 Nf4 31. Be4 Rc8 32. b3 Rfd8 33. g3 Ng6 34. Kg2 Ne7 35. Kf2 g6 36. Ke3 Kg7 37. Rd3 Kf6 38. Red1 Rxd3+ 39. Rxd3 Nc6 40. Rd6 Na5 41. Bc2 Nxc4+ 42. bxc4 Rxc4 43. Bd3 Rc3 44. Rb6 b3 45. Kd2 Rc5 46. Rxb3 Rh5 47. h4 g5 48. hxg5+ Rxg5 49. g4 h5 50. gxh5 Rxh5 51. Ke3 Rc5 52. Be4 Rc1 53. Rd3 Rc7 54. Kf4 Ra7 55. Kg4 Ra5 56. Rd2 Rg5+ 57. Kf4 Ra5 58. Rh2 Ra7 59. Rh6+ Kg7 60. Rh7+ Kf6 61. Kg4 Ra5 62. Rh8 Rg5+ 63. Kf4 Ra5 64. Kg4 Kg7 65. Rb8 f5+ 66. Kf4 fxe4 67. fxe4 Kf6 68. Rf8+ Ke7 69. Rh8 Kf6 70. Rh6+ Kf7 71. e5 Ra1 72. Rh7+ Ke8 73. Kg5 Rf1 74. Ra7 Rf5+ 75. Kg6 Rxe5 76. Kf6 Re1 77. Ra6 e5 78. Re6+ Kd7 79. Rxe5 Rxe5 80. Kxe5 1/2-1/2


[Site "https://www.chess.com"]

[Event "Titled Tuesday Blitz March 14 Late 2023"]
[White "Quispe Santacruz, Javier"]
[Black "Jovic, Stanoje"]
[WhiteFideId "3800920"]
[BlackFideId "905020"]
[WhiteElo "1875"]
[BlackElo "2236"]
[Result "0-1"]
[Round "09"]
[TimeControl "180+2"]
[Date "2023.03.14"]
[WhiteClock "0:00:57"]
[BlackClock "0:01:58"]

1. d4 Nf6 2. c4 e6 3. Nf3 b6 4. g3 Ba6 5. b3 Bb4+ 6. Bd2 Be7 7. Bg2 d5 8. Bc3 c6 9. Nbd2 Nbd7 10. O-O O-O 11. Re1 Rc8 12. e4 dxe4 13. Nxe4 Nxe4 14. Rxe4 Bf6 15. Qc2 c5 16. Rd1 cxd4 17. Bxd4 Qc7 18. Bxf6 Nxf6 19. Red4 Rfd8 20. Rxd8+ Rxd8 21. Rxd8+ Qxd8 22. Qd2 Qxd2 23. Nxd2 Kf8 24. Ne4 Nxe4 25. Bxe4 Ke7 26. f4 h6 27. Kf2 Kd6 28. Ke3 e5 29. Bd5 f5 30. b4 g5 31. h4 exf4+ 32. gxf4 gxh4 33. Kf2 b5 0-1


[Site "https://www.chess.com"]

[Event "Titled Tuesday Blitz March 14 Late 2023"]
[White "Winslow, Elliott"]
[Black "Popov, Mikhail"]
[WhiteFideId "2002523"]
[BlackFideId "4146182"]
[WhiteElo "2229"]
[BlackElo "2270"]
[Result "0-1"]
[Round "09"]
[TimeControl "180+2"]
[Date "2023.03.14"]
[WhiteClock "0:01:38"]
[BlackClock "0:01:22"]

1. d4 Nf6 2. c4 g6 3. Nc3 Bg7 4. e4 d6 5. f3 O-O 6. Be3 a6 7. Qd2 Nc6 8. Nge2 Na5 9. Ng3 b5 10. b3 c5 11. Be2 bxc4 12. dxc5 dxc5 13. Qxd8 Rxd8 14. Bxc5 Nd7 15. Bb4 Nc6 0-1


[Site "https://www.chess.com"]

[Event "Titled Tuesday Blitz March 14 Late 2023"]
[White "Heinemann, Josefine"]
[Black "Chabris, Christopher"]
[WhiteFideId "12900460"]
[BlackFideId "2005263"]
[WhiteElo "2342"]
[BlackElo "2215"]
[Result "1/2-1/2"]
[Round "09"]
[TimeControl "180+2"]
[Date "2023.03.14"]
[WhiteClock "0:00:08"]
[BlackClock "0:00:02"]

1. e4 c5 2. Nf3 d6 3. d4 cxd4 4. Nxd4 Nf6 5. Nc3 a6 6. h3 e5 7. Nf3 Be7 8. g4 Be6 9. g5 Nfd7 10. h4 Nc6 11. Be3 b5 12. Qd2 Qc7 13. Nd5 Bxd5 14. exd5 Na5 15. O-O-O Nc4 16. Bxc4 Qxc4 17. Kb1 a5 18. h5 b4 19. g6 f5 20. h6 hxg6 21. hxg7 Rg8 22. Rh7 f4 23. Bd4 O-O-O 24. Ba7 Qa6 25. Rg1 Nf6 26. Rh6 Qxa7 27. Rhxg6 Ne4 28. Qd3 Nxf2 29. Qc4+ Qc7 30. Qa6+ Qb7 31. Qxa5 Rd7 32. Rh6 Rdd8 33. Re6 Ne4 34. Nxe5 Nc5 35. Nc6 Nxe6 36. Na7+ Kb8 37. Nc6+ Kc8 38. Na7+ Kb8 39. Nc6+ Kc8 1/2-1/2


[Site "https://www.chess.com"]

[Event "Titled Tuesday Blitz March 14 Late 2023"]
[White "Rodrigues, Tiago Pereira"]
[Black "Bach, Matthias"]
[WhiteFideId "2101203"]
[BlackFideId "4603168"]
[WhiteElo "2168"]
[BlackElo "2165"]
[Result "0-1"]
[Round "09"]
[TimeControl "180+2"]
[Date "2023.03.14"]
[WhiteClock "0:00:32"]
[BlackClock "0:01:09"]

1. d3 e5 2. c4 f5 3. g3 Nf6 4. Bg2 Be7 5. Nc3 O-O 6. a3 Qe8 7. e3 f4 8. Nge2 fxe3 9. Bxe3 Ng4 10. Nd5 Nxe3 11. fxe3 Na6 12. Qd2 c6 13. Nxe7+ Qxe7 14. b4 d6 15. Rf1 Bg4 16. Nc3 Nc7 17. h3 Bh5 18. Ne4 d5 19. cxd5 cxd5 20. Nf2 e4 21. g4 Bg6 22. d4 Nb5 23. Ke2 Nd6 24. Rac1 Be8 25. Kd1 Ba4+ 26. Ke1 Qh4 27. Rc5 Nc4 28. Qa2 Nxe3 29. Rxd5 Nxg2+ 0-1


[Site "https://www.chess.com"]

[Event "Titled Tuesday Blitz March 14 Late 2023"]
[White "Bruedigam, Martin"]
[Black "Todev, Simeon"]
[WhiteFideId "24608033"]
[BlackFideId "2925133"]
[WhiteElo "2331"]
[BlackElo "1938"]
[Result "1-0"]
[Round "09"]
[TimeControl "180+2"]
[Date "2023.03.14"]
[WhiteClock "0:00:17"]
[BlackClock "0:00:02"]

1. d4 g6 2. c4 Bg7 3. f3 d6 4. e4 Nd7 5. Nc3 Ngf6 6. Be3 O-O 7. Nge2 c6 8. Qd2 a6 9. Ng3 b5 10. Bd3 Nb6 11. b3 e5 12. dxe5 dxe5 13. c5 Nbd7 14. a4 Qe7 15. b4 Bb7 16. axb5 axb5 17. O-O Nb8 18. Rxa8 Bxa8 19. Ra1 Bb7 20. Ra7 Rd8 21. Qe2 Qc7 22. Bc2 Na6 23. Bb3 Qb8 24. Rxa6 Bxa6 25. Qa2 Qb7 26. Bg5 Qd7 27. Nge2 Bc8 28. h3 h6 29. Be3 Qe7 30. Kf2 Be6 31. Bxe6 Qxe6 32. Qxe6 fxe6 33. Nc1 Nd7 34. Nb3 Nb8 35. Ke2 Na6 36. Na2 Ra8 37. Nbc1 Bf8 38. g3 g5 39. g4 Be7 40. Bd2 Kf7 41. Bc3 Bf6 42. Kd3 h5 43. Ke2 Rh8 44. Be1 Kg6 45. Nb3 Bd8 46. Nbc1 Bc7 47. Nd3 Ra8 48. Nac1 Rd8 49. Bc3 Kf6 50. Ke3 hxg4 51. hxg4 Rh8 52. Ne2 Rh1 53. Ng3 Rb1 54. Nh5+ Kg6 55. Bxe5 Bxe5 56. Nxe5+ Kh6 57. Nxc6 Nxb4 58. Nd4 Re1+ 59. Kd2 Rb1 60. Nxe6 Rb2+ 61. Kc3 Rb1 62. Nd4 Na2+ 63. Kc2 Rb4 64. Nb3 Rc4+ 65. Kd2 Nc3 66. Nf6 Na4 67. Nd7 Rb4 68. Kc2 Rc4+ 69. Kd2 Rc3 70. Nd4 Rc4 71. Ne6 b4 72. Kd3 Rc3+ 73. Kd2 b3 74. Nb6 b2 75. Nxa4 b1=Q 76. Nxc3 Qb2+ 77. Kd3 Qb3 78. Nd4 Qb4 79. c6 Qc5 80. Nd5 Qa3+ 81. Kc4 Qa5 82. c7 Qa6+ 83. Kc5 Qc8 84. Kc6 Kg6 85. Ne7+ 1-0


[Site "https://www.chess.com"]

[Event "Titled Tuesday Blitz March 14 Late 2023"]
[White "Delgado Rosas, Fatima Alexandra"]
[Black "Grycel, Kamil"]
[WhiteFideId "6603963"]
[BlackFideId "1115499"]
[WhiteElo "2330"]
[BlackElo "2454"]
[Result "0-1"]
[Round "09"]
[TimeControl "180+2"]
[Date "2023.03.14"]
[WhiteClock "0:00:46"]
[BlackClock "0:00:24"]

1. d4 e6 2. Nf3 b6 3. e3 Bb7 4. Bd3 Nf6 5. Nbd2 c5 6. b3 Be7 7. Bb2 O-O 8. O-O Nc6 9. a3 cxd4 10. exd4 Rc8 11. Re1 Re8 12. Qe2 d5 13. Ne5 Bf8 14. Rad1 g6 15. Bb5 Bg7 16. c4 Qd6 17. Ndf3 Ne4 18. Nxc6 Bxc6 19. Bxc6 Qxc6 20. Ne5 Qb7 21. f3 Nd6 22. Rc1 dxc4 23. bxc4 Nf5 24. Red1 Red8 25. Qe4 Qxe4 26. fxe4 Nd6 27. Re1 Bxe5 28. dxe5 Nxc4 29. Bc3 Nxa3 30. Bb4 Nb5 31. Be7 Re8 32. Bf6 Rxc1 33. Rxc1 a5 34. Rb1 Nc3 35. Rxb6 Ra8 36. Be7 Nxe4 37. Rb3 a4 38. Ra3 Nd2 39. Ra2 Nc4 40. Kf2 Nxe5 41. h3 Nc6 42. Bf6 a3 43. Ke3 Nb4 44. Rf2 Nd5+ 45. Kd4 Nxf6 46. Rxf6 a2 0-1


[Site "https://www.chess.com"]

[Event "Titled Tuesday Blitz March 14 Late 2023"]
[White "Kostiukov, Alexandr"]
[Black "Sreyas Payyappat"]
[WhiteFideId "14108100"]
[BlackFideId "46674969"]
[WhiteElo "2202"]
[BlackElo "2083"]
[Result "0-1"]
[Round "09"]
[TimeControl "180+2"]
[Date "2023.03.14"]
[WhiteClock "0:00:01"]
[BlackClock "0:00:09"]

1. g3 Nf6 2. Bg2 c5 3. c4 Nc6 4. Nf3 g6 5. O-O Bg7 6. d4 cxd4 7. Nxd4 h5 8. c5 h4 9. Nc3 hxg3 10. hxg3 Ng4 11. e3 Nxd4 12. exd4 d6 13. cxd6 Qxd6 14. Bf4 Qxd4 15. Nb5 Qxd1 16. Rfxd1 O-O 17. Nc7 e5 18. Bg5 f6 19. Bd2 Rb8 20. Bb4 Rf7 21. Bd5 Bf5 22. Bxf7+ Kxf7 23. Nb5 Kg8 24. Nxa7 Ra8 25. Nb5 Be6 26. a3 Bc4 27. Nd6 Be2 28. Rd2 Bf3 29. Rd3 e4 30. Rd2 Bh6 31. Rc2 e3 32. fxe3 Bxe3+ 33. Kf1 Bb6 34. Nc4 Bd4 35. Bc3 Bc5 36. Nd2 Ne3+ 0-1


[Site "https://www.chess.com"]